 Dungeon Sprint DCSS version 0.28-a0-863-g8cecda6153 (webtiles) character file.

Game seed: 5293418158615003767

1183 emperorscorpion the Thaumaturge (level 8, -4/58 HPs)
             Began as a Djinni Air Elementalist on Nov 18, 2021.
             Was a Believer of Makhleb.
             Slain by a four-headed hydra (9 damage)
             ... in the Dungeon (Sprint IX: "|||||||||||||||||||||||||||||").
             The game lasted 00:05:05 (786 turns).

emperorscorpion the Thaumaturge (DjAE)               Turns: 786, Time: 00:05:06

Health: -4/58      AC:  5    Str:  7    XL:     8   Next: 70%
Gold:   0          EV: 15    Int: 17    God:    Makhleb [**....] SH:  0 Dex: 16

rFire   + + .      SeeInvis .   j - +2 rapier (venom)
rCold   x . .      Faith    .   (no shield)
rNeg    . . .      Spirit   .   a - +0 robe
rPois   ∞          Reflect  .   k - +0 helmet
rElec   .          Harm     .   l - +0 cloak
rCorr   .          Rampage  .   (no gloves)
Will    .....      NoTele   +   (boots unavailable)
Stlth   ++........              (no amulet)
HPRegen 0.19/turn               (no ring)
MPRegen 0.00/turn               (no ring)

@: flying
A: sickness immunity, fire resistance 2, cold vulnerability 1, float, innate
caster, hp casting, extra vitality 1
a: Renounce Religion, Minor Destruction


You were in the Dungeon.
You worshipped Makhleb.
Makhleb was pleased with you.
You visited 1 branch

Inventory:

Hand Weapons
 g - a +0 dagger of venom
 j - a +2 rapier of venom (weapon)
Armour
 a - a +0 robe (worn)
 k - a +0 helmet (worn)
 l - a +0 cloak (worn)
 m - a +1 chain mail
Jewellery
 n - a +3 ring of intelligence
 o - a +2 ring of evasion
Wands
 i - a wand of iceblast (10)
Potions
 b - 5 potions of curing
 d - a potion of haste


   Skills:
 + Level 3.9 Fighting
 + Level 4.6 Short Blades
 * Level 8.2 Armour
 + Level 6.1 Dodging
 - Level 1.8 Stealth
 + Level 10.4 Spellcasting
 * Level 3.7 Invocations


You had 11 spell levels left.
You knew the following spells:

 Your Spells              Type           Power      Damage    Failure   Level
a - Shock                 Conj/Air       100%       1d9       1%          1
b - Static Discharge      Conj/Air       44%        N/A       1%          2
c - Swiftness             Air            44%        N/A       1%          3
d - Airstrike             Air            22%        N/A       1%          4
e - Sting                 Tmut/Pois      100%       1d8       1%          1
f - Scorch                Fire           88%        2d9       1%          2
g - Ozocubu's Armour      Ice            44%        N/A       1%          3
Your spell library was empty.

Dungeon Overview and Level Annotations

Branches:
Dungeon (1/1)

Altars:
Cheibriados
Dithmenos
Elyvilon
Fedhas
Gozag
Hepliaklqana
Kikubaaqudgha
Makhleb
Nemelex Xobeh
Okawaru
Qazlal
Ru
Sif Muna
Trog
Uskayaw
Vehumet
Wu Jian
Xom
Yredelemnul
Zin
The Shining One
Beogh
Jiyva
Lugonu


Innate Abilities, Weirdness & Mutations

You are immune to sickness and miasma.
You are immune to poison.
Your flesh is very heat resistant. (rF++)
You are vulnerable to cold. (rC-)
You float through the air rather than walking.
You learn spells naturally, not from books.
Your magical power is your life essence.
You have superior vitality. (+4 HP)


Message History

* * * LOW HITPOINT WARNING * * *
Unknown command.
Casting: Scorch (safe; 1% risk of failure)
Confirm with . or Enter, or press ? or * to list all spells.
Flames lash the four-headed hydra.
The four-headed hydra is burned terribly!
The four-headed hydra is almost dead.
* * * LOW HITPOINT WARNING * * *
The six-headed hydra roars!
Casting: Scorch (safe; 1% risk of failure)
Confirm with . or Enter, or press ? or * to list all spells.
Flames lash the six-headed hydra.
The six-headed hydra is severely wounded.
The six-headed hydra's fire resistance burns away.
* * * LOW HITPOINT WARNING * * *
You flicker for a moment.
Casting: Scorch (safe; 1% risk of failure)
Confirm with . or Enter, or press ? or * to list all spells.
The four-headed hydra is struck by an arc of lightning.
The four-headed hydra is almost dead.
You are struck by an arc of lightning.
* * * LOW HITPOINT WARNING * * *
The four-headed hydra is struck by an arc of lightning.
The four-headed hydra roars!
The four-headed hydra is almost dead.
The lightning grounds out.
The six-headed hydra roars!
* * * LOW HITPOINT WARNING * * *
The four-headed hydra bites you but does no damage.
The four-headed hydra barely misses you.
The four-headed hydra closely misses you.
The four-headed hydra bites you.
* * * LOW HITPOINT WARNING * * *
Unknown command.
You aren't carrying any scrolls.
The four-headed hydra is no longer more vulnerable to fire.
You flicker back into view.
The six-headed hydra roars!
The four-headed hydra bites you!
You die... ▓▓▓▓▓▓▓▓▓▓▓▓▓▓▓▓▓▓▓▓▓▓▓▓▓▓▓▓▓▓▓▓▓ ___________'!?).@D..Dc......(.Dcu ▓▓▓▓▓▓▓▓▓▓▓▓▓▓▓▓▓▓▓▓▓▓▓▓▓▓▓▓▓▓▓▓▓

You could see a six-headed hydra (combustible), a four-headed hydra and a centaur warrior.

Vanquished Creatures
  A cyclops (D)
  An unseen horror (D)
  2 yaks (D)
  An acid dragon (D)
  A scorpion (D)
  2 howler monkeys (D)
  An adder (D)
  An adder zombie (D)
  An adder skeleton (D)
  An orc (D)
  An endoplasm (D)
  A giant cockroach (D)
  A jackal (D)
  A bat (D)
  2 goblins (D)
18 creatures vanquished.

Notes
Turn   | Place    | Note
-------+----------+-------------------------------------------
     0 | D        | emperorscorpion the Djinni Air Elementalist began the quest
                  | for the Orb.
     0 | D        | Reached XP level 1. HP: 15/15 MP: 0/0
     5 | D        | Reached skill level 3 in Spellcasting
    41 | D        | Noticed a scorpion
    46 | D        | Reached skill level 1 in Armour
    46 | D        | Reached XP level 2. HP: 11/21 MP: 0/0
    49 | D        | Reached skill level 4 in Spellcasting
    53 | D        | Killed a scorpion
    54 | D        | Reached skill level 5 in Spellcasting
    54 | D        | Reached XP level 3. HP: 11/26 MP: 0/0
    54 | D        | Learned a level 1 spell: Sting
    54 | D        | Reached XP level 4. HP: 13/31 MP: 0/0
    64 | D        | Found a snail-covered altar of Cheibriados.
    64 | D        | Found a shadowy altar of Dithmenos.
    64 | D        | Found a white marble altar of Elyvilon.
    64 | D        | Found a blossoming altar of Fedhas.
    64 | D        | Found an opulent altar of Gozag.
    65 | D        | Found a hazy altar of Hepliaklqana.
    66 | D        | Found a viscous altar of Jiyva.
    68 | D        | Found a corrupted altar of Lugonu.
    69 | D        | Found a burning altar of Makhleb.
    70 | D        | Found a sparkling altar of Nemelex Xobeh.
    71 | D        | Found an iron altar of Okawaru.
    72 | D        | Found a stormy altar of Qazlal.
    73 | D        | Found a sacrificial altar of Ru.
    75 | D        | Found a bloodstained altar of Trog.
    76 | D        | Found a hide-covered altar of Uskayaw.
    77 | D        | Became a worshipper of Makhleb the Destroyer
    79 | D        | Found an ornate altar of the Wu Jian Council.
    80 | D        | Found a shimmering altar of Xom.
    81 | D        | Found a basalt altar of Yredelemnul.
    82 | D        | Found a glowing silver altar of Zin.
    83 | D        | Found a glowing golden altar of the Shining One.
   310 | D        | Noticed an acid dragon
   310 | D        | Noticed a yak
   310 | D        | Noticed a yak
   314 | D        | Reached skill level 6 in Spellcasting
   314 | D        | Reached XP level 5. HP: 36/36 MP: 0/0
   314 | D        | Learned a level 2 spell: Scorch
   319 | D        | Killed an acid dragon
   320 | D        | Reached skill level 1 in Fighting
   320 | D        | Reached skill level 1 in Short Blades
   320 | D        | Reached skill level 5 in Armour
   320 | D        | Reached skill level 7 in Spellcasting
   320 | D        | Reached XP level 6. HP: 29/43 MP: 0/0
   327 | D        | Reached * piety under Makhleb
   577 | D        | Killed a yak
   578 | D        | Reached skill level 5 in Dodging
   578 | D        | Reached skill level 8 in Spellcasting
   578 | D        | Reached XP level 7. HP: 36/49 MP: 0/0
   578 | D        | Learned a level 3 spell: Ozocubu's Armour
   587 | D        | Killed a yak
   587 | D        | Reached ** piety under Makhleb
   588 | D        | Reached skill level 9 in Spellcasting
   748 | D        | Noticed a cyclops
   748 | D        | Noticed a four-headed hydra
   748 | D        | Noticed a six-headed hydra
   748 | D        | Noticed a centaur warrior
   748 | D        | Noticed a green ugly thing
   757 | D        | Killed a cyclops
   758 | D        | Reached skill level 10 in Spellcasting
   758 | D        | Reached XP level 8. HP: 29/58 MP: 0/0
   762 | D        | Killed an unseen horror
   786 | D        | Slain by a four-headed hydra

Illustrated notes

Levels and vault maps discovered:
D:        linesprint [early_d, line_temple, items_1, d_10, items_2, lair_1,
          lair_end, items_3, orc_1, orc_end, items_4, d_15, swamp_1, shoals_1,
          snake_1, spider_1, d_20, vaults_1, items_5, swamp_end, shoals_end,
          snake_end, spider_end, vaults_end, d_27, items_6, zot_1, zot_end,
          crypt_end, forest_end, elf_end, slime_end, tomb_end, abyss_end,
          pan_hell_end]

Skill      XL: |  1  2  3  4  5  6  7  8 |
---------------+-------------------------+-----
Spellcasting   | 3 5 6 7 8 10 | 10.4
Armour         | 1 3 4 5 6 7 8 |  8.2
Dodging        | 3 4 5 6 |  6.1
Fighting       | 1 2 3 |  3.9
Short Blades   | 1 2 4 |  4.6
Invocations    | 3 |  3.7
Stealth        | |  1.8

Action                   |  1- 3 |  4- 6 |  7- 9 || total
-------------------------+-------+-------+-------++-------
Melee: Dagger            |     2 |     4 |       ||     6
       Rapier            |       |    12 |     2 ||    14
 Cast: Shock             |     5 |     4 |    18 ||    27
       Static Discharge  |     4 |     2 |     6 ||    12
       Scorch            |       |     4 |     7 ||    11
       Swiftness         |       |     2 |       ||     2
       Sting             |       |     1 |       ||     1
       Ozocubu's Armour  |       |       |     1 ||     1
  Use: Potion            |     1 |     1 |     3 ||     5
       Scroll            |       |     1 |     1 ||     2
 Stab: Sleeping          |     1 |       |       ||     1
       Invisible         |       |       |     1 ||     1
Armor: Robe              |     1 |       |     5 ||     6
       Chain mail        |       |     4 |       ||     4
Dodge: Dodged            |     4 |     3 |     6 ||    13

Table legend: (Time is in decaauts)
 A = Elapsed time spent in this place.
 B = Non-inter-level travel time spent in this place.
 C = Inter-level travel time spent in this place.
 D = Time resting spent in this place.
 E = Time spent auto-exploring this place.
 F = Levels seen in this place.
 G = Mean time per level.
                   A        B        C        D        E       F      G
               +--------+--------+--------+--------+--------+-----+--------+
         Total |    792 |    792 |      0 |    410 |    145 |   1 |  792.0 |
       Dungeon |    792 |    792 |      0 |    410 |    145 |   1 |  792.0 |
               +--------+--------+--------+--------+--------+-----+--------+

Top non-repeatable levels by time:
       D: 792 daAuts
